 Dungeon Sprint DCSS version 0.21-a0-444-g29a2fec (webtiles) character file.

7 Kikal the Magician (level 2, -10/17 HPs)
             Began as an Octopode Fire Elementalist on Nov 17, 2017.
             Was an Initiate of Vehumet.
             Killed by divine providence
             ... invoked by an orc priest
              (12 damage)
             ... in the Dungeon (Sprint V: "Ziggurat Sprint").
             The game lasted 00:02:44 (213 turns).

Kikal the Magician (Octopode Fire Elementalist)      Turns: 213, Time: 00:02:45

Health: -10/17     AC:  1    Str: 19    XL:     2   Next: 0%
Magic:  4/8        EV: 14    Int: 29    God:    Vehumet [......]
Gold:   0          SH:  0    Dex: 24    Spells: 8/11 levels left

rFire    . . .     SeeInvis .   K - +5 quick blade
rCold    . . .     Gourm    .   (no shield)
rNeg     . . .     Faith    .   (helmet restricted)
rPois    .         Spirit   .   (no amulet)
rElec    .         Reflect  .   D - +6 ring of dexterity
rCorr    .         Harm     .   E - +6 ring of dexterity
MR       .....     NoTele   +   F - +6 ring of intelligence
Stlth    ++++......             G - +6 ring of intelligence
HPRegen  0.05/turn              H - +6 ring of strength
MPRegen  0.11/turn              I - +6 ring of strength
                                (no ring)
                                (no ring)

@: no status effects
A: almost no armour, stealthy swim, amphibious, 8 rings, constrict 8, camouflage
1, gelatinous body 1
a: Renounce Religion


You were in the Dungeon.
You worshipped Vehumet.
Vehumet was noncommittal.
You were not hungry.

You visited 1 branch

Inventory:

Hand Weapons
 J - the +8 lance "Wyrmbane" {slay drac, rPois rF+ rC+ AC+3}
   (You found it in the Dungeon)

   It affects your AC (+3).
   It protects you from fire.
   It protects you from cold.
   It protects you from poison.
 K - a +5 quick blade (weapon)
Armour
 L - a +3 buckler
 M - a +3 shield
Magical Staves
 B - an uncursed staff of energy
Jewellery
 D - a +6 ring of dexterity (left tentacle)
 E - a +6 ring of dexterity (right tentacle)
 F - a +6 ring of intelligence (on tentacle)
 G - a +6 ring of intelligence (on tentacle)
 H - a +6 ring of strength (on tentacle)
 I - a +6 ring of strength (on tentacle)
Wands
 x - a wand of disintegration (7/24)
 y - a wand of iceblast (5/15)
 z - a wand of lightning (5/15)
 A - a wand of acid (5/15)
Scrolls
 h - 4 scrolls of blinking
 o - 4 scrolls of amnesia
 p - 3 scrolls of recharging
 q - 7 scrolls of fog
 r - a scroll of holy word
 s - 5 scrolls of identify
 t - 5 scrolls of remove curse
 u - 2 scrolls of fear
Potions
 c - 10 potions of curing
 d - 10 potions of heal wounds
 e - 6 potions of haste
 f - 7 potions of magic
 g - 3 potions of berserk rage
 i - 2 potions of brilliance
 j - 2 potions of invisibility
 k - 4 potions of resistance
 m - 5 potions of agility
 n - 5 potions of might
Books
 a - a book of Flames

   Spells                             Type                      Level
   a - Flame Tongue                   Conjuration/Fire             1
   b - Throw Flame                    Conjuration/Fire             2
   c - Conjure Flame                  Conjuration/Fire             3
   d - Inner Flame                    Hexes/Fire                   3
   e - Sticky Flame                   Conjuration/Fire             4
   f - Fireball                       Conjuration/Fire             5
Miscellaneous
 C - a crystal ball of energy
Comestibles
 b - 5 bread rations
 v - 42 fruits
 w - 4 meat rations


   Skills:
 - Level 2.0 Dodging
 - Level 2.6 Stealth
 + Level 5.1 Spellcasting
 + Level 3.6 Conjurations
 + Level 4.7 Fire Magic


You had 8 spell levels left.
You knew the following spells:

 Your Spells              Type           Power        Failure   Level  Hunger
a - Flame Tongue          Conj/Fire      ####.        1%          1    None
b - Throw Flame           Conj/Fire      ####..       1%          2    None


Dungeon Overview and Level Annotations

Branches:
Dungeon (1/1)

Altars:
Ashenzari
Cheibriados
Dithmenos
Elyvilon
Fedhas
Gozag
Hepliaklqana
Kikubaaqudgha
Makhleb
Nemelex Xobeh
Okawaru
Qazlal
Ru
Sif Muna
Trog
Uskayaw
Vehumet
Wu Jian
Xom
Yredelemnul
Zin
The Shining One
Beogh
Jiyva
Lugonu

Annotations:
D 1 transporter


Innate Abilities, Weirdness & Mutations

You cannot wear most types of armour.
You are very stealthy in the water. (Stealth+)
You are amphibious.
You can wear up to eight rings at the same time.
You can use your tentacles to constrict eight enemies at once.
Your skin changes colour to match your surroundings (Stealth+).
Your rubbery body absorbs attacks. (AC +1, EV +1)


Message History

You take 2 damage, and have 4/17 hp.
Unknown command.
You hit the orc priest but do no damage.
You grab the orc priest.
You squeeze the orc priest, but do no damage.
You constrict the orc priest. The orc priest closely misses you. x2
You hit the orc priest but do no damage.
You squeeze the orc priest.
The orc priest is lightly wounded.
You constrict the orc priest.
You hit the orc priest but do no damage.
You squeeze the orc priest.
The orc priest is heavily wounded.
You constrict the orc priest.
The orc priest hits you with a short sword.
* * * LOW HITPOINT WARNING * * *
The orc priest invokes the aid of Beogh against you.
Beogh smites you!
Ouch! That really hurt!
You die...

▓▓▓▓▓▓▓
▓.8©8.▓
▓.....▓
▓.}.|.▓
▓..oo.▓
▓..@..▓
▓..©..▓
▓▓▓▓▓▓▓


You could see 2 orc priests.

Vanquished Creatures (others)
  Eustachio (D)
1 creature vanquished.

Notes
Turn   | Place    | Note
-------+----------+-------------------------------------------
     0 | D        | Found the +6 Majin-Bo {vamp, Archmagi MP+6 Int+6}
     0 | D        | Found the +7 great mace "Firestarter" {inner flame, rF++}
     0 | D        | Kikal the Octopode Fire Elementalist began the quest for the Orb.
     0 | D        | Reached XP level 1. HP: 11/11 MP: 3/3
     0 | D        | Found a deep blue altar of Sif Muna.
     0 | D        | Found a bloodstained altar of Trog.
     0 | D        | Found a sacrificial altar of Ru.
     0 | D        | Found a stormy altar of Qazlal.
     0 | D        | Found an iron altar of Okawaru.
     1 | D        | Found a sparkling altar of Nemelex Xobeh.
     1 | D        | Found a blossoming altar of Fedhas.
     3 | D        | Found a transporter.
     3 | D        | Found an ancient bone altar of Kikubaaqudgha.
     3 | D        | Found a viscous altar of Jiyva.
     3 | D        | Found a corrupted altar of Lugonu.
     3 | D        | Found a hazy altar of Hepliaklqana.
     3 | D        | Found a burning altar of Makhleb.
     3 | D        | Found an opulent altar of Gozag.
    28 | D        | Found the +6 shillelagh "Devastator" {shatter}
    28 | D        | Found the +11 plutonium sword {*Contam Stlth-}
    28 | D        | Found the +8 lance "Wyrmbane" {slay drac, rPois rF+ rC+ AC+3}
    28 | D        | Found the +9 sword of Zonguldrok {reap}
    28 | D        | Found the cursed +13 scythe of Curses {drain, *Curse}
    28 | D        | Found the +0 sword of Power
    28 | D        | Found the -1 mace of Variability {chaos}
    28 | D        | Found the +7 Singing Sword
    28 | D        | Found the +7 longbow "Piercer" {penet, EV-2}
    30 | D        | Found the +9 heavy crossbow "Sniper" {velocity, Acc+∞ SInv}
    30 | D        | Found the +10 dark maul {crush}
    30 | D        | Found the +15 Maxwell's patent armour {-Cast -Tele rElec MR+ rCorr}
    30 | D        | Found the +18 shield of the Gong {rElec rN+ MR+ EV-5}
    30 | D        | Found the cursed +14 obsidian axe {chop, +Fly SInv *Curse}
    59 | D        | Became a worshipper of Vehumet
    71 | D        | Reached skill level 5 in Spellcasting
    71 | D        | Reached XP level 2. HP: 17/17 MP: 4/8
   120 | D        | Killed Eustachio
   204 | D        | Learned a level 2 spell: Throw Flame
   207 | D        | Entered arena 2.
   207 | D        | Found a transporter.
   213 | D        | Killed from afar by an orc priest

Vault maps used:
D:        sprint_v

Skill      XL: |  1 |
---------------+----+-----
Spellcasting   | 5 |  5.1
Conjurations   | 3 |  3.6
Fire Magic     | 4 |  4.7
Dodging        | |  2.0
Stealth        | |  2.6

Action                   || total
-------------------------++-------
Melee: Quick blade       ||     3
       Tentacles         ||     3
       Constrict         ||     1
 Cast: Throw Flame       ||     2
  Use: Potion            ||     1
Dodge: Dodged            ||     3

Table legend:
 A = Spawn XP
 B = Non-spawn XP
 C = Spawn XP percentage of total XP
 D = Spawn monster count
 E = Non-spawn monster count
 F = Spawn count percentage of total count
 G = Total turns spent on level
                    A         B        C        D         E        F      G
               +---------+---------+-------+---------+---------+-------+---------
         Total |       0 |       0 |   N/A |       0 |       0 |   N/A |   213
               +---------+---------+-------+---------+---------+-------+---------
               +---------+---------+-------+---------+---------+-------+---------
